 Dungeon Crawl Stone Soup version 0.19-a0-1886-gd64a0f0 (webtiles) character file.

154 Naow the Shield-Bearer (level 5, -4/41 HPs)
             Began as a Formicid Fighter on Oct 16, 2016.
             Slain by a slave (5 damage)
             ... led by Pikel
             ... on level 3 of the Dungeon.
             The game lasted 00:03:13 (2049 turns).

Naow the Shield-Bearer (Formicid Fighter)           Turns: 2049, Time: 00:03:14

Health: -4/41      AC:  7    Str: 27    XL:     5   Next: 63%
Magic:  5/5        EV:  8    Int:  7    God:
Gold:   230        SH: 10    Dex: 10    Spells: 0 memorised, 4 levels left

rFire  . . .     SeeInvis +     a - +0 war axe
rCold  . . .     Gourm    .     b - +0 scale mail
rNeg   . . .     Faith    .     c - +0 shield
rPois  .         Spirit   .     (helmet unavailable)
rElec  .         Dismiss  .     (no cloak)
rCorr  .         Reflect  .     (no gloves)
MR     .....     Harm     .     (no boots)
Stlth  ..........               (no amulet)
                                (no ring)
                                (no ring)

@: mighty
A: permanent stasis, dig shafts and tunnels, four strong arms, antennae 3
a: Dig, Shaft Self


You were on level 3 of the Dungeon.
You were not hungry.

You visited 1 branch of the dungeon, and saw 4 of its levels.

You collected 230 gold pieces.

Inventory:

Hand Weapons
 a - a +0 war axe (weapon)
Armour
 b - a +0 scale mail (worn)
 c - a +0 shield (worn)
Scrolls
 e - a scroll of teleportation {unknown}
 g - a scroll of enchant weapon {unknown}
 j - 4 scrolls of identify {unknown}
 m - 2 scrolls of random uselessness {unknown}
 o - a scroll of blinking {unknown}
 s - 2 scrolls of amnesia {unknown}
Potions
 n - 2 potions of flight {unknown}
 p - a potion of mutation {unknown}
 q - 2 potions of brilliance {unknown}
 r - a potion of lignification {unknown}
Comestibles
 f - 4 bread rations
 h - 2 beef jerkies
 i - 2 meat rations
 k - a royal jelly
 l - 3 chunks of flesh


   Skills:
 - Level 3.5 Fighting
 + Level 4.1 Axes
 + Level 3.8 Armour
 + Level 4.7 Shields


You had 4 spell levels left.
You didn't know any spells.

Dungeon Overview and Level Annotations

Branches:
Dungeon (4/15)
 Temple: D:4-7

Altars:
Ru

Annotations:
D:3 Pikel


Innate Abilities, Weirdness & Mutations

You are under a permanent stasis effect.
You can dig through walls and to a lower floor.
Your four strong arms can wield two-handed weapons with a shield.
You have a pair of large antennae on your head. (SInv)


Message History

Pikel is lightly wounded.
You hit the slave. You hit the slave but do no damage. You hit the slave.
You barely miss the slave. The slave hits you.
Pikel hits you but does no damage. You block the slave's attack.
The slave barely misses you. You block the slave's attack. The slave hits you.
* * * LOW HITPOINT WARNING * * *
You block Pikel's attack. The slave hits you.
* * * LOW HITPOINT WARNING * * *
You block the slave's attack. You block the slave's attack.
The slave closely misses you. Pikel hits you with a whip of freezing.
* * * LOW HITPOINT WARNING * * *
Pikel freezes you.
* * * LOW HITPOINT WARNING * * *
The slave hits you but does no damage. The slave barely misses you.
You climb upwards.
There is a stone staircase leading down here.
You feel very mighty all of a sudden.
The slave barely misses you. x2; The slave hits you.
You die...

#.# #.....##.............
#.# #.....#######.##.....
#.# #.....#######.#######
#.# ###.#...........# ###
#.# #...............# #..
#.# #...#...........###.#
##.###...#...............#
#.......K#########...#####
######..p@#.#.......#.....
#..ppp.......#.#..###
#....#<......#.......
####....#...............
#.....#.#.###..###.##...
#.##.......##...........
#.##.......##......####.
#.##.......##.#......##.
#.##.......##.#......###


You could see Pikel and 4 slaves.

Vanquished Creatures
  A hound (D:3)
  A gnoll (D:1)
  3 adders
  2 oozes (D:1)
  3 worms
  A leopard gecko (D:3)
  4 orcs (D:3)
  8 bats
  3 giant cockroaches
  8 goblins
  6 hobgoblins
  4 jackals (D:3)
  7 kobolds
  A quokka (D:2)
  6 frilled lizards
  8 rats
66 creatures vanquished.

Notes
Turn   | Place    | Note
-------+----------+-------------------------------------------
     0 | D:1      | Naow the Formicid Fighter began the quest for the Orb.
     0 | D:1      | Reached XP level 1. HP: 18/18 MP: 1/1
   143 | D:1      | Reached XP level 2. HP: 24/24 MP: 2/2
   285 | D:1      | Reached XP level 3. HP: 27/29 MP: 3/3
   854 | D:2      | Reached XP level 4. HP: 33/35 MP: 4/4
  1304 | D:3      | Reached XP level 5. HP: 32/41 MP: 5/5
  1696 | D:3      | Found a sacrificial altar of Ru.
  2042 | D:4      | Noticed Pikel
  2042 | D:4      | Noticed a slave
  2042 | D:4      | Noticed a slave
  2042 | D:4      | Noticed a slave
  2042 | D:4      | Noticed a slave
  2047 | D:4      | HP: 1/41 [Pikel/whip of freezing (2)]
  2049 | D:3      | Slain by a slave

Vault maps used:
D:1:      lemuel_arrival_lava_pool
D:2:      grunt_ministairs_2
D:3:      serial_forest, infiniplex_forest_lined_4_way, infiniplex_forest_end_1,
          infiniplex_forest_straight_4, infiniplex_forest_corner_1,
          infiniplex_forest_clump_tiny, nicolae_ru_path_of_blood
D:4:      corexii_shack_village, first_bread, serial_shops, shop,
          kennysheep_mini, uniq_pikel, uniq_grinder, uniq_eustachio

Skill      XL: |  1  2  3  4  5 |
---------------+----------------+-----
Shields        | 4 |  4.7
Axes           | 3 4 |  4.1
Fighting       | |  3.5
Armour         | |  3.8

Action                   |  1- 3 |  4- 6 || total
-------------------------+-------+-------++-------
Melee: War axe           |    96 |   124 ||   220
  Use: Potion            |       |     1 ||     1
  Eat: Chunk             |       |     4 ||     4
Armor: Scale mail        |    44 |    48 ||    92
Dodge: Dodged            |    43 |    46 ||    89
Block: Shield            |    51 |    85 ||   136
